 Dungeon Crawl Stone Soup version 0.21.0-3-g78d12a8 (webtiles) character file.

16991 mopl the Jinx (level 12, -8/78 HPs)
             Began as a Mummy Enchanter on Jan 16, 2018.
             Was an Initiate of Gozag.
             Mangled by a spiny frog (17 damage)
             ... on level 2 of the Lair of Beasts.
             The game lasted 00:32:14 (11532 turns).

mopl the Jinx (Mummy Enchanter)                    Turns: 11532, Time: 00:32:15

Health: -8/78      AC:  6    Str: 11    XL:     12   Next: 14%
Magic:  1/18       EV: 16    Int: 15    God:    Gozag
Gold:   2106       SH:  0    Dex: 17    Spells: 4/19 levels left

rFire    x . .     SeeInvis .   a - +2 dagger (drain)
rCold    + . .     Gourm    .   (no shield)
rNeg     + + +     Faith    .   g - -1 troll leather armour
rPois    ∞         Spirit   .   z - +0 helmet
rElec    .         Reflect  .   (no cloak)
rCorr    .         Harm     .   q - +0 pair of gloves
MR       +....                  G - +0 pair of boots
Stlth    +++++.....             v - amulet of magic regeneration
HPRegen  0.63/turn              f - ring of flight
MPRegen  0.41/turn              s - +4 ring of evasion

@: no status effects
A: no food or potions, fire vulnerability, cold resistance 1, negative energy
resistance 3, torment resistance, unbreathing
a: Potion Petition, Call Merchant, Bribe Branch, Renounce Religion, Evoke Flight


You were on level 2 of the Lair of Beasts.
You worshipped Gozag.
Gozag was most pleased with you.
You were not hungry.

You visited 2 branches of the dungeon, and saw 13 of its levels.

You collected 2230 gold pieces.
You paid 124 gold pieces to Gozag.

Inventory:

Hand Weapons
 a - a +2 dagger of draining (weapon)
 y - a +2 hand axe of venom
 D - a +0 blowgun
 H - a +2 dagger of pain
 Q - a +3 scimitar of flaming
Missiles
 d - 11 javelins (quivered)
 m - 32 poisoned needles
 x - 16 tomahawks
Armour
 g - a -1 troll leather armour (worn)
 q - a +0 pair of gloves (worn)
 u - a cursed +0 leather armour
 z - a +0 helmet (worn)
 G - a +0 pair of boots (worn)
 I - a +0 shield
 O - a +2 robe of fire resistance
Jewellery
 f - a ring of flight (left hand)
 s - a +4 ring of evasion (right hand)
 v - an amulet of magic regeneration (around neck)
Wands
 b - a wand of flame (23)
 k - a wand of iceblast (6)
 l - a wand of clouds (5)
 n - a wand of polymorph (50)
 A - a wand of enslavement (6)
 E - a wand of acid (5)
 J - a wand of random effects (40)
 K - a wand of disintegration (12)
Scrolls
 e - 4 scrolls of fog
 h - a scroll of teleportation
 i - 4 scrolls of magic mapping
 j - 6 scrolls of remove curse
 o - 3 scrolls of blinking
Miscellaneous
 L - a lightning rod (4/4)


   Skills:
 + Level 2.1 Fighting
 + Level 6.8 Short Blades
 + Level 2.4 Dodging
 * Level 10.8 Stealth
 - Level 4.0 Spellcasting
 + Level 4.1 Conjurations
 * Level 10.9 Hexes
 + Level 0.9 Translocations
 + Level 4.1 Ice Magic


You had 4 spell levels left.
You knew the following spells:

 Your Spells              Type           Power        Failure   Level  Hunger
a - Apportation           Tloc           #.....       16%         1    N/A
b - Ensorcelled Hibernat  Hex/Ice        ####..       1%          2    N/A
c - Confuse               Hex            #####...     1%          3    N/A
d - Tukima's Dance        Hex            #####...     1%          3    N/A
e - Blink                 Tloc           N/A          24%         2    N/A
f - Corona                Hex            #####..      1%          1    N/A
g - Dazzling Spray        Conj/Hex       ####..       3%          3    N/A

Dungeon Overview and Level Annotations

Branches:
Dungeon (11/15)            Temple (0/1) D:7            Lair (2/6) D:11
    Orc (0/2) D:9
  Swamp: Lair:2-4    Shoals: Lair:2-4     Snake: Lair:2-4    Spider: Lair:2-4

Altars:
Ashenzari
Elyvilon
Gozag
Kikubaaqudgha
Makhleb
Nemelex Xobeh
Okawaru
Ru
Trog
Wu Jian
Xom
The Shining One

Annotations:
D:10 Salmacis's ghost, journeyman GnWn


Innate Abilities, Weirdness & Mutations

You do not eat or drink.
Your flesh is vulnerable to fire.
You are immune to poison.
Your flesh is cold resistant. (rC+)
You are immune to negative energy. (rN+++)
You are immune to unholy pain and torment.
You can survive without breathing.


Message History

The spiny frog resists with significant effort.
The spiny frog stings you.
* * * LOW HITPOINT WARNING * * *
Casting: Ensorcelled Hibernation
Confirm with . or Enter, or press ? or * to list all spells.
Aiming: Confuse
Press: ? - help, Shift-Dir - straight line, f/p - spiny frog
Aim: a spiny frog (chance to defeat MR: 63%)
The spiny frog resists with significant effort.
The spiny frog stings you!
* * * LOW HITPOINT WARNING * * *
Unknown command.
Casting: Confuse
Confirm with . or Enter, or press ? or * to list all spells.
Aiming: Confuse
Press: ? - help, Shift-Dir - straight line, f/p - spiny frog
Aim: a spiny frog (chance to defeat MR: 63%)
The spiny frog appears confused.
The spiny frog stings you!
You die...
Your body crumbles into a pile of gold.

# #...≈≈≈≈≈≈.. ##.##
#..<.≈≈≈≈≈.P #..#. #
#...≈≈≈≈≈≈.. ###...###.
#≈..≈≈≈≈≈≈.. .........#
#.≈≈≈≈≈≈≈...
.........#####.≈≈≈≈≈..#.
............#....≈≈..>..
......F..P...P..........
.....>.@.##..+..........
.....<.$.##.##..>.......
.........#######.##.###.
.........# #.#####.#
#.##..#P## ### ### #
######


You could see a spiny frog (confused).

Vanquished Creatures
  3 two-headed ogres
  Pikel (D:6)
  The ghost of barbarian the Skirmisher, a novice DsGl of Makhleb (D:8)
  2 ugly things (D:11)
  A cyclops (D:9)
  Psyche (D:8)
  A centaur zombie (D:11)
  A black mamba (Lair:1)
  An efreet (D:11)
  2 centaur skeletons
  A komodo dragon (Lair:2)
  2 trolls (D:9)
  3 hornets (D:9)
  A hippogriff (Lair:1)
  2 wyverns
  24 yaks
  Eustachio (D:6)
  2 hungry ghosts
  Grum (D:11)
  4 porcupines
  3 water moccasins
  4 orc warriors
  4 ice beasts
  5 black bears
  A necrophage (D:6)
  5 sky beasts
  2 slaves
  An ogre (D:8)
  3 centaurs
  12 wolves
  2 big kobolds
  A crocodile (D:11)
  6 bullfrogs
  A gnoll sergeant (D:9)
  A scorpion (D:4)
  6 killer bees
  7 wights
  4 crimson imps
  A bullfrog zombie (D:5)
  2 quasits
  A gnoll shaman (D:5)
  4 hounds
  6 orc wizards
  2 bullfrog skeletons
  2 iguanas
  5 worker ants
  A hound zombie (D:6)
  A hound skeleton (D:6)
  18 gnolls
  4 adders
  2 shadow imps
  An adder skeleton (D:8)
  4 worms
  2 dart slugs
  3 leopard geckos
  33 orcs
  4 bats (D:1)
  12 giant cockroaches
  7 goblins
  2 hobgoblins (D:1)
  9 jackals
  9 quokkas
  3 ball pythons
  8 frilled lizards
  16 kobolds
  A quokka skeleton (D:7)
  8 rats
294 creatures vanquished.

Vanquished Creatures (collateral kills)
  An orc warrior (D:9)
  An ogre (D:8)
  An orc wizard (D:11)
3 creatures vanquished.

Vanquished Creatures (others)
  9 dancing weapons
  14 fungi (D:11)
  4 plants (D:11)
27 creatures vanquished.

Grand Total: 324 creatures vanquished

Notes
Turn   | Place    | Note
-------+----------+-------------------------------------------
     0 | D:1      | mopl the Mummy Enchanter began the quest for the Orb.
     0 | D:1      | Reached XP level 1. HP: 13/13 MP: 4/4
   126 | D:1      | Reached skill level 1 in Short Blades
   126 | D:1      | Reached XP level 2. HP: 17/19 MP: 2/5
   130 | D:1      | Learned a level 2 spell: Ensorcelled Hibernation
   456 | D:1      | Reached skill level 3 in Spellcasting
   564 | D:1      | Reached skill level 3 in Hexes
  1157 | D:2      | Reached XP level 3. HP: 24/24 MP: 2/7
  1162 | D:2      | Learned a level 3 spell: Confuse
  1247 | D:2      | Reached skill level 3 in Stealth
  1760 | D:3      | Reached XP level 4. HP: 30/30 MP: 5/8
  1817 | D:3      | Learned a level 3 spell: Tukima's Dance
  1927 | D:3      | Found a sacrificial altar of Ru.
  2527 | D:4      | Reached skill level 1 in Ice Magic
  2527 | D:4      | Reached XP level 5. HP: 30/35 MP: 2/10
  2859 | D:4      | Reached skill level 4 in Hexes
  3211 | D:5      | Entered Level 5 of the Dungeon
  3313 | D:5      | Reached XP level 6. HP: 37/41 MP: 11/11
  3389 | D:5      | Reached skill level 4 in Spellcasting
  3655 | D:4      | Reached skill level 2 in Short Blades
  3655 | D:4      | Reached skill level 4 in Stealth
  3682 | D:5      | Learned a level 3 spell: Dazzling Spray
  3727 | D:5      | Found a sparkling altar of Nemelex Xobeh.
  3849 | D:5      | HP: 2/41 [gnoll/spear (6)]
  3862 | D:5      | HP: 2/41 [gnoll/spear (7)]
  4464 | D:6      | Noticed an ice beast
  4493 | D:6      | Reached XP level 7. HP: 46/46 MP: 2/13
  4508 | D:6      | Reached skill level 2 in Ice Magic
  4528 | D:6      | Found a burning altar of Makhleb.
  4562 | D:6      | Reached skill level 1 in Conjurations
  4703 | D:6      | Found a shattered altar of Ashenzari.
  4765 | D:6      | Reached skill level 5 in Hexes
  4820 | D:6      | Found an opulent altar of Gozag.
  5001 | D:6      | Reached skill level 5 in Stealth
  5064 | D:6      | Noticed Eustachio
  5074 | D:6      | Killed Eustachio
  5074 | D:6      | Reached XP level 8. HP: 52/52 MP: 14/14
  5395 | D:7      | Reached skill level 3 in Short Blades
  5435 | D:6      | Became a worshipper of Gozag Ym Sagoz the Greedy
  5467 | D:6      | Reached skill level 2 in Conjurations
  5597 | D:7      | Noticed Pikel
  5601 | D:7      | Reached skill level 6 in Hexes
  5601 | D:7      | Reached skill level 3 in Ice Magic
  5670 | D:6      | Killed Pikel
  5670 | D:6      | Reached skill level 6 in Stealth
  5670 | D:6      | Reached XP level 9. HP: 55/57 MP: 15/15
  5850 | D:7      | Found a staircase to the Ecumenical Temple.
  6007 | D:8      | Noticed barbarian's ghost (novice DsGl)
  6276 | D:8      | Killed barbarian's ghost
  6276 | D:8      | Reached skill level 3 in Conjurations
  6436 | D:8      | Reached skill level 4 in Short Blades
  6436 | D:8      | Reached skill level 7 in Hexes
  6563 | D:8      | Reached skill level 7 in Stealth
  6659 | D:8      | Reached skill level 4 in Ice Magic
  6922 | D:8      | Noticed Psyche
  6931 | D:8      | Killed Psyche
  7120 | D:8      | Reached XP level 10. HP: 60/63 MP: 16/16
  7199 | D:8      | Found a sacrificial altar of Ru.
  7201 | D:8      | Found a bloodstained altar of Trog.
  7431 | D:9      | Noticed a cyclops
  7479 | D:9      | Reached skill level 8 in Hexes
  7480 | D:9      | Reached skill level 4 in Conjurations
  7484 | D:9      | Reached skill level 8 in Stealth
  7890 | D:9      | Found a staircase to the Orcish Mines.
  7990 | D:9      | Reached skill level 5 in Short Blades
  8151 | D:9      | Found a shimmering altar of Xom.
  8151 | D:9      | Noticed a two-headed ogre
  8208 | D:9      | Killed a two-headed ogre
  8284 | D:9      | Found an ornate altar of the Wu Jian Council.
  8287 | D:9      | Found an ancient bone altar of Kikubaaqudgha.
  8290 | D:9      | Found a white marble altar of Elyvilon.
  8383 | D:9      | Found an iron altar of Okawaru.
  8385 | D:9      | Found a glowing golden altar of the Shining One.
  8469 | D:9      | Killed a cyclops
  8519 | D:10     | Entered Level 10 of the Dungeon
  8519 | D:10     | Noticed Salmacis's ghost (journeyman GnWn)
  8605 | D:9      | Reached skill level 9 in Hexes
  8759 | D:10     | Reached skill level 9 in Stealth
  9373 | D:11     | Noticed a two-headed ogre
  9374 | D:11     | Noticed a brown ugly thing
  9406 | D:11     | Killed a brown ugly thing
  9406 | D:11     | Reached XP level 11. HP: 53/68 MP: 12/17
  9420 | D:11     | Noticed a two-headed ogre
  9486 | D:11     | Killed a two-headed ogre
  9540 | D:11     | Noticed Grum
  9553 | D:11     | Killed Grum
  9681 | D:11     | Noticed a green ugly thing
  9697 | D:11     | Killed a cyan ugly thing
  9852 | D:10     | Reached skill level 6 in Short Blades
  9865 | D:10     | Killed a two-headed ogre
  9921 | D:11     | Reached skill level 10 in Hexes
  9996 | D:11     | Found a staircase to the Lair.
 10016 | D:11     | Reached skill level 10 in Stealth
 10503 | Lair:1   | Entered Level 1 of the Lair of Beasts
 10521 | Lair:1   | Learned a level 1 spell: Apportation
 10718 | Lair:1   | Reached skill level 1 in Fighting
 10724 | Lair:1   | Reached skill level 2 in Dodging
 10867 | Lair:1   | Learned a level 2 spell: Blink
 10914 | Lair:1   | Reached XP level 12. HP: 78/78 MP: 18/18
 11242 | Lair:1   | Reached skill level 2 in Fighting
 11532 | Lair:2   | Mangled by a spiny frog

Skill      XL: |  1  2  3  4  5  6  7  8  9 10 11 12 |
---------------+-------------------------------------+-----
Short Blades   | 1 2 3 4 5 6 |  6.8
Spellcasting   | 3 4 |  4.0
Hexes          | 3 4 5 6 7 9 10 | 10.9
Stealth        | 3 4 5 6 7 9 10 | 10.8
Ice Magic      | 1 2 3 4 |  4.1
Conjurations   | 1 2 3 4 |  4.1
Fighting       | 1 2 |  2.1
Dodging        | 2 |  2.4
Translocations | |  0.9

Action                   |  1- 3 |  4- 6 |  7- 9 | 10-12 || total
-------------------------+-------+-------+-------+-------++-------
Melee: Dagger            |   209 |   393 |   379 |   345 ||  1326
       Long sword        |       |       |    64 |       ||    64
       Hand axe          |       |       |    13 |       ||    13
 Cast: Corona            |     8 |       |       |       ||     8
       Ensorcelled Hiber |    12 |    25 |    36 |   114 ||   187
       Tukima's Dance    |       |     4 |     6 |    12 ||    22
       Confuse           |       |     8 |    41 |    35 ||    84
       Dazzling Spray    |       |       |     2 |    14 ||    16
  Use: Scroll            |       |       |     6 |     4 ||    10
 Stab: Sleeping          |    16 |    14 |    20 |    71 ||   121
       Confused          |       |     1 |    16 |    26 ||    43
       Distracted        |       |       |     2 |     5 ||     7
Armor: Robe              |     7 |       |       |       ||     7
       Troll leather arm |    64 |    53 |    82 |    41 ||   240
Dodge: Dodged            |   119 |   243 |   319 |   221 ||   902
       Rpst.: Long sword |       |       |    15 |       ||    15
